 Dungeon Crawl Stone Soup version 0.13.0-18-g7b03ea5 (webtiles) character file.

14400 Lilouch the Protected (level 12, -1/66 HPs)
             Began as a Gargoyle Fighter on Oct 22, 2013.
             Was a High Priest of Okawaru.
             Killed from afar by Harold (22 damage)
             ... with a bolt of fire
             ... on Level 10 of the Dungeon.
             The game lasted 01:22:08 (11351 turns).

Lilouch the Protected (Gargoyle Fighter)           Turns: 11351, Time: 01:22:09

HP  -1/66        AC 31     Str 24      XL: 12   Next:  8%
MP  18/22        EV  7     Int 10      God: Okawaru [*****.]
Gold 747         SH 26     Dex  9      Spells:  0 memorised, 11 levels left

Res.Fire  : . . .   See Invis. : .   C - +3,+0 orc flail (crush)
Res.Cold  : + . .   Warding    : .   V - +4 orc chain mail
Life Prot.: + . .   Conserve   : .   c - +1 shield
Res.Poison: +       Res.Corr.  : .   r - +0 horned helmet (curse)
Res.Elec. : +       Clarity    : .   (no cloak)
Sust.Abil.: . .     Spirit.Shd : .   G - +2 pair of dwarf gloves
Res.Mut.  : .       Stasis     : .   (no boots)
Res.Rott. : +       Flight     : .   (no amulet)
Saprovore : . . .                    Q - ring of protection from cold
                                     x - +2 ring of protection

@: finesse, somewhat resistant to hostile enchantments, extremely unstealthy
A: fangs 1, talons 2, life protection 1, electricity resistance, slow metabolism
1, unbreathing, petrification resistance, AC +8
a: Heroism, Finesse, Renounce Religion


You were on level 10 of the Dungeon.
You worshipped Okawaru.
Okawaru was extremely pleased with you.
You were hungry.

You visited 3 branches of the dungeon, and saw 12 of its levels.

You collected 727 gold pieces.

Inventory:

Hand weapons
 C - a +3,+0 orcish flail of crushing (weapon)
Missiles
 j - 16 steel darts (quivered)
 P - 19 exploding darts
 W - 19 darts of frost
Armour
 c - a +1 shield (worn)
 r - a cursed +0 horned helmet (worn)
 G - a +2 pair of dwarven gloves (worn)
 V - a +4 orcish chain mail (worn)
Magical devices
 h - a wand of disintegration (12) {unknown}
 v - a wand of confusion (15)
Comestibles
 d - 7 bread rations
Scrolls
 b - a scroll of enchant armour
 f - 2 scrolls of fog
 g - a scroll of enchant weapon I
 i - a scroll of remove curse
 n - 5 scrolls of teleportation
 A - 3 scrolls of fear
Jewellery
 x - a +2 ring of protection (left hand)
 Q - a ring of protection from cold (right hand)
Potions
 k - a potion of restore abilities
 p - 2 potions of curing
Books
 a - a book of the Dragon

   Spells                             Type                      Level
   Flight                             Charms/Air                   3
   Cause Fear                         Hexes                        4
   Bolt of Fire                       Conjuration/Fire             6
   Dragon Form                        Transmutation                7
   Summon Dragon                      Summoning                    9
 e - a book of Control

   Spells                             Type                      Level
   Control Teleport                   Charms/Translocation         4
   Control Undead                     Necromancy                   4
   Enslavement                        Hexes                        4
   Mass Confusion                     Hexes                        6
   Metabolic Englaciation             Hexes/Ice                    6


   Skills:
 - Level 3.2 Fighting
 - Level 10.0 Maces & Flails
 + Level 11.0 Armour
 + Level 11.0 Shields
 + Level 7.6 Invocations
 + Level 7.1 Evocations


You had 11 spell levels left.
You didn't know any spells.

Dungeon Overview and Level Annotations

Branches:
Dungeon (10/27)            Temple (1/1) D:6             Orc (0/4) D:9
   Lair (1/8) D:9

Altars:
Ashenzari
Cheibriados
Elyvilon
Fedhas
Kikubaaqudgha
Makhleb
Nemelex Xobeh
Okawaru
Sif Muna
Vehumet
Xom
Yredelemnul
the Shining One

Shops:
D:10 +

Annotations:
D:10 Harold


Innate Abilities, Weirdness & Mutations

You are resistant to torment.
You are immune to poison.
Your stone body is very resilient (AC +8).
You have very sharp teeth.
You have razor-sharp toenails.
You resist negative energy.
You are resistant to electric shocks.
You have a slow metabolism.
You can survive without breathing.
You are immune to petrification.


Message History

Harold zaps a wand.
The bolt of cold hits you!
You hit Harold but do no damage. You claw Harold, but do no damage.
Harold is lightly wounded.
You sock Harold!
Harold is heavily wounded.
Harold zaps a wand.
The bolt of cold hits you!
You hit Harold but do no damage. You bite Harold, but do no damage.
Harold is heavily wounded.
You sock Harold! You claw Harold, but do no damage.
Harold is heavily wounded.
Harold hits you but does no damage.
You barely miss Harold. You claw Harold. You bite Harold, but do no damage.
Harold is severely wounded.
You hit Harold but do no damage. You claw Harold, but do no damage.
Harold is severely wounded.
You thump Harold! Your kick misses Harold. You bite Harold, but do no damage.
Harold is almost dead.
Harold casts a spell at you. The bolt of fire hits you!
You die...

..... #....#
###....#
##...## #.....#
#....#
###.....#
#...## #.....#
#....# ##..<@#
##...# #..%..#
##....# #..@###
###....##
#...@.#
##.....##
##....##
##.....##
#...[.#
#.....##
###...###...###
#....#.....#
###...#....##
#.....<....# ##
##........###
##. #....#...##
##..


You could see Harold.

Vanquished Creatures
  Gastronok (Lair:1)
  The ghost of simpaon the Phalangite, a powerful MfBe of Trog (Lair:1)
  Fannar (Lair:1)
  Joseph (D:7)
  A griffon (Lair:1)
  A black mamba (Lair:1)
  A spiny frog (Lair:1)
  Psyche (D:8)
  The ghost of 4tharraofdagon the Chopper, an average TrBe of Trog (D:7)
  A troll (D:10)
  A two-headed ogre (D:10)
  A hippogriff (D:8)
  An ugly thing (D:9)
  2 yaks
  Eustachio (D:6)
  2 hungry ghosts (D:7)
  Grum (D:8)
  6 vampire mosquitoes
  A wyvern (D:9)
  2 wolves (D:8)
  2 necrophages
  2 manticores
  Edmund (D:4)
  A swamp drake (Lair:1)
  3 ice beasts
  2 porcupines (Lair:1)
  A sky beast (D:9)
  A black bear (D:9)
  A phantom (D:6)
  A crocodile (Lair:1)
  4 ogres
  2 orc warriors
  3 boring beetles (D:9)
  7 centaurs
  4 wargs (D:9)
  Duvessa (D:4)
  4 big kobolds
  10 water moccasins
  A giant slug (Lair:1)
  Blork the orc (D:4)
  5 giant frogs
  2 agate snails (Lair:1)
  A hippogriff skeleton (D:6)
  A jelly (D:6)
  A goliath beetle (D:8)
  2 hounds
  Dowan (D:4)
  7 crimson imps
  3 orc priests
  A giant frog skeleton (D:4)
  3 scorpions
  A black bear zombie (D:9)
  8 orc wizards
  8 worker ants
  4 iguanas
  A killer bee zombie (D:9)
  Ijyb (D:3)
  A hound zombie (D:8)
  12 adders
  12 gnolls
  2 giant mites
  A shadow imp (D:6)
  5 worms
  An ufetubus (D:6)
  A white imp (D:6)
  A scorpion zombie (D:6)
  An iguana skeleton (D:5)
  A giant eyeball (D:10)
  A giant gecko (D:3)
  An ooze (D:1)
  37 orcs
  2 ball pythons
  A bat skeleton (D:8)
  4 giant cockroaches
  39 goblins
  33 hobgoblins
  19 jackals
  11 quokkas
  21 bats
  7 giant newts
  A goblin zombie (D:5)
  22 kobolds
  A kobold skeleton (D:4)
  A kobold zombie (D:8)
  An orc skeleton (D:4)
  2 orc zombies
  20 rats
  A rat skeleton (D:7)
  6 ballistomycetes (D:9)
  A plant (Lair:1)
400 creatures vanquished.

Vanquished Creatures (others)
  A crimson imp (D:8)
  A worm (D:9)
  A giant spore (D:9)
  A ballistomycete (D:9)
4 creatures vanquished.

Grand Total: 404 creatures vanquished

Notes
Turn   | Place    | Note
--------------------------------------------------------------
     0 | D:1      | Lilouch, the Gargoyle Fighter, began the quest for the Orb.
     0 | D:1      | Reached XP level 1. HP: 14/14 MP: 0/0
    71 | D:1      | Reached XP level 2. HP: 10/19 MP: 1/1
   692 | D:1      | Reached XP level 3. HP: 21/24 MP: 2/2
   961 | D:2      | Found a glowing golden altar of the Shining One.
   987 | D:2      | Found a snail-covered altar of Cheibriados.
  1165 | D:2      | Reached XP level 4. HP: 25/28 MP: 3/3
  1208 | D:2      | Reached skill level 4 in Shields
  1728 | D:3      | Reached XP level 5. HP: 33/33 MP: 4/4
  2151 | D:3      | Noticed Ijyb
  2193 | D:3      | Killed Ijyb
  2206 | D:3      | Reached XP level 6. HP: 19/38 MP: 5/5
  2587 | D:3      | Noticed a big kobold
  2587 | D:3      | Noticed a big kobold
  2589 | D:3      | Reached skill level 5 in Maces & Flails
  2597 | D:3      | Killed a big kobold
  2613 | D:3      | Killed a big kobold
  2613 | D:3      | Reached skill level 5 in Armour
  2613 | D:3      | Reached skill level 5 in Shields
  2668 | D:3      | Reached XP level 7. HP: 42/42 MP: 6/6
  3265 | D:4      | Reached skill level 6 in Maces & Flails
  3273 | D:4      | Noticed Duvessa
  3277 | D:4      | Noticed Dowan
  3290 | D:4      | Killed Duvessa
  3323 | D:4      | Killed Dowan
  3701 | D:4      | Noticed Blork the orc
  3708 | D:4      | Killed Blork the orc
  3708 | D:4      | Reached skill level 7 in Maces & Flails
  3708 | D:4      | Reached XP level 8. HP: 35/48 MP: 7/7
  3736 | D:4      | Noticed Edmund
  3761 | D:4      | Killed Edmund
  4121 | D:5      | Entered Level 5 of the Dungeon
  4316 | D:5      | Reached skill level 8 in Maces & Flails
  4599 | D:6      | Noticed Eustachio
  4633 | D:6      | Killed Eustachio
  4718 | D:6      | Reached XP level 9. HP: 45/52 MP: 8/8
  4726 | D:6      | Reached skill level 9 in Maces & Flails
  4759 | D:6      | Found a staircase to the Ecumenical Temple.
  4770 | Temple   | Entered the Ecumenical Temple
  4784 | Temple   | Became a worshipper of Warmaster Okawaru
  4855 | D:6      | Got a transparent ring mail
  4870 | D:6      | Identified the +4 ring mail of Yxoupnuas {Dex+4 Acc-4} (You found it on level 6 of the Dungeon)
  5695 | D:7      | Noticed 4tharraofdagon's ghost (average TrBe)
  5711 | D:7      | Killed 4tharraofdagon's ghost
  5711 | D:7      | Acquired Okawaru's first power
  5711 | D:7      | Reached skill level 10 in Maces & Flails
  5729 | D:7      | Noticed Joseph
  5738 | D:7      | Killed Joseph
  5738 | D:7      | Reached skill level 1 in Invocations
  5738 | D:7      | Reached skill level 1 in Evocations
  6111 | D:7      | Reached XP level 10. HP: 57/57 MP: 11/13
  6263 | D:8      | Noticed Psyche
  6273 | D:8      | Killed Psyche
  6537 | D:8      | Noticed Grum
  6556 | D:8      | Killed Grum
  6587 | D:8      | Got a smoking war axe
  6590 | D:8      | Identified the war axe of the Stork {chop, Dex+2 Stlth} (You found it on level 8 of the Dungeon)
  6610 | D:8      | Found a shattered altar of Ashenzari.
  7321 | D:10     | Entered Level 10 of the Dungeon
  7330 | D:10     | Noticed Harold
  7957 | D:9      | Reached skill level 5 in Invocations
  8173 | D:9      | Found a staircase to the Lair.
  8256 | Lair:1   | Entered Level 1 of the Lair of Beasts
  8266 | Lair:1   | Noticed Gastronok
  8287 | Lair:1   | Killed Gastronok
  8287 | Lair:1   | Reached skill level 5 in Evocations
  8287 | Lair:1   | Reached XP level 11. HP: 24/61 MP: 16/19
  8404 | D:9      | Reached skill level 10 in Armour
  8404 | D:9      | Reached skill level 10 in Shields
  8662 | Lair:1   | Acquired Okawaru's second power
  8702 | Lair:1   | Noticed a griffon
  8718 | Lair:1   | Killed a griffon
  8829 | Lair:1   | Received a gift from Okawaru
  8838 | Lair:1   | Noticed simpaon's ghost (powerful MfBe)
  8881 | Lair:1   | Killed simpaon's ghost
  8995 | Lair:1   | Noticed Fannar
  9045 | Lair:1   | Killed Fannar
 10363 | D:9      | Found a staircase to the Orcish Mines.
 10920 | D:9      | Reached XP level 12. HP: 60/66 MP: 22/22
 10975 | D:10     | Reached skill level 11 in Armour
 10996 | D:10     | Paralysed by a giant eyeball for 4 turns
 11071 | D:10     | Found Tuecoef's Book Emporium.
 11351 | D:10     | Killed from afar by Harold

Action                   |  1- 3 |  4- 6 |  7- 9 | 10-12 || total
-------------------------+-------+-------+-------+-------++-------
Melee: Mace              |    96 |    92 |       |       ||   188
       Flail             |       |   160 |   466 |   723 ||  1349
       Unarmed           |       |       |       |   120 ||   120
Invok: Heroism           |       |       |       |     4 ||     4
       Finesse           |       |       |       |     1 ||     1
Evoke: Wand              |       |       |       |     5 ||     5
  Use: Scroll            |       |       |    11 |     9 ||    20
       Potion            |       |       |       |     2 ||     2
